[Event "Condigne Dutch Open 2016"]
[Site "dieren"]
[Date "2016.08.04"]
[Round "9"]
[White "L'Ami, Erwin"]
[Black "Reinderman, Dimitri"]
[Result "1-0"]
[ECO "A88"]
[WhiteElo "2606"]
[BlackElo "2584"]
[PlyCount "119"]
[EventDate "2016.07.27"]
[EventCountry "NED"]
[TimeControl "6000+1190"]
[WhiteClock "0:02:18"]
[BlackClock "0:03:51"]

1. d4 f5 2. g3 Nf6 3. Bg2 g6 4. Nf3 Bg7 5. O-O O-O 6. c4 d6 7. Nc3 c6 8. b3 Na6
9. Bb2 Qc7 10. d5 e5 11. dxe6 Bxe6 12. Ng5 Rae8 13. Nxe6 Rxe6 14. Qc2 Nc5 15.
b4 Nce4 16. e3 Nxc3 17. Bxc3 Ne4 18. Bxg7 Qxg7 19. Rad1 Rfe8 20. b5 Qe5 21.
bxc6 bxc6 22. Rd4 h5 23. Rb1 R6e7 24. Rbd1 Re6 25. Qd3 Qf6 26. Qa3 c5 27. R4d3
h4 28. Qxa7 h3 29. Bxh3 Qb2 30. Rf1 Nd2 31. Rxd2 Qxd2 32. Bg2 R6e7 33. Qa6 Kg7
34. Bd5 Rd8 35. Qb6 Rdd7 36. a4 Qa2 37. a5 Ra7 38. Qxd6 Qxa5 39. Qb8 Qc7 40.
Qg8+ Kh6 41. h4 Qe5 42. Qf8+ Qg7 43. Qc8 Rac7 44. Qd8 Qf6 45. Kg2 Rcd7 46. Qc8
Rc7 47. Qb8 Qe5 48. Rb1 Re8 49. Qb6 Rd8 50. h5 Qd6 51. hxg6 Kxg6 52. Kf3 Kg5
53. Kg2 Kg6 54. Rb5 Kf6 55. Qa5 Kg7 56. Qc3+ Kh7 57. e4 Qg6 58. Rb1 Qg5 59. Qe5
Re7 60. Rh1+ 1-0

[Event "Condigne Dutch Open 2016"]
[Site "dieren"]
[Date "2016.08.04"]
[Round "9"]
[White "Pruijssers, Roeland"]
[Black "Beerdsen, Thomas"]
[Result "1-0"]
[ECO "B52"]
[WhiteElo "2463"]
[BlackElo "2414"]
[PlyCount "57"]
[EventDate "2016.07.27"]
[EventCountry "NED"]
[TimeControl "6000+940"]
[WhiteClock "1:10:45"]
[BlackClock "1:20:06"]

1. e4 c5 2. Nf3 d6 3. Bb5+ Bd7 4. Bxd7+ Qxd7 5. c4 Nf6 6. Nc3 g6 7. d4 cxd4 8.
Nxd4 Bg7 9. f3 Nc6 10. Be3 O-O 11. O-O Rfc8 12. b3 a6 13. a4 e6 14. Rc1 d5 15.
Nxc6 bxc6 16. e5 Ne8 17. f4 Bf8 18. a5 Ba3 19. Rc2 Qe7 20. Na4 Rab8 21. Bb6
dxc4 22. bxc4 Qb4 23. Ra2 Nc7 24. Bc5 Qxc4 25. Rxa3 Rd8 26. Qc1 Qe4 27. Bb6 Nb5
28. Nc3 Nxc3 29. Rxc3 1-0

[Event "Condigne Dutch Open 2016"]
[Site "dieren"]
[Date "2016.08.04"]
[Round "9"]
[White "Hausrath, Daniel"]
[Black "Gerlagh, Joris"]
[Result "1-0"]
[ECO "A04"]
[WhiteElo "2483"]
[BlackElo "2172"]
[PlyCount "71"]
[EventDate "2016.07.27"]
[EventCountry "NED"]
[TimeControl "6000+1640"]
[WhiteClock "0:08:59"]
[BlackClock "0:08:14"]

1. Nf3 c5 2. b3 d6 3. e3 e5 4. Bb5+ Bd7 5. Bxd7+ Qxd7 6. O-O Nc6 7. c4 g6 8.
Nc3 Bg7 9. Rb1 Nge7 10. a3 f5 11. Bb2 O-O 12. d3 Rad8 13. Qc2 b6 14. Ba1 d5 15.
cxd5 Nxd5 16. Rfd1 Rfe8 17. b4 cxb4 18. axb4 Ndxb4 19. Rxb4 Nxb4 20. Qb3+ Qe6
21. Qxb4 h6 22. e4 fxe4 23. Qxe4 Kh7 24. Qe2 Qc6 25. Ne4 b5 26. Bc3 Qb6 27. Qe1
Rd5 28. h4 b4 29. Bxb4 a5 30. Bc3 a4 31. h5 a3 32. Nh4 a2 33. hxg6+ Kh8 34. Ba1
Qd8 35. Nf5 Rxd3 36. Ned6 1-0

[Event "Condigne Dutch Open 2016"]
[Site "dieren"]
[Date "2016.08.04"]
[Round "9"]
[White "Beukema, Stefan"]
[Black "Debashis, Das"]
[Result "0-1"]
[ECO "B90"]
[WhiteElo "2355"]
[BlackElo "2451"]
[PlyCount "108"]
[EventDate "2016.07.27"]
[EventCountry "NED"]
[TimeControl "6000+1260"]
[WhiteClock "0:17:13"]
[BlackClock "0:10:34"]

1. e4 c5 2. Nf3 d6 3. d4 cxd4 4. Nxd4 Nf6 5. Nc3 a6 6. h3 e5 7. Nde2 h5 8. g3
Nbd7 9. Bg2 Be7 10. a4 b6 11. O-O Bb7 12. Bg5 Rc8 13. Qd2 O-O 14. Rad1 Qc7 15.
Kh2 Rfe8 16. Nc1 Qd8 17. Qe2 Rc7 18. N1a2 Qc8 19. Rd2 Nxe4 20. Nxe4 Bxe4 21.
Bxe4 Bxg5 22. Rxd6 Be7 23. Rdd1 Nf6 24. Nc3 Nxe4 25. Qxe4 h4 26. Rde1 hxg3+ 27.
fxg3 Ba3 28. Re2 Bxb2 29. Nd5 Rc6 30. c3 Bxc3 31. Rc2 Rc5 32. Qf3 Qe6 33. Nxc3
Rec8 34. Rcc1 e4 35. Qe3 Qb3 36. Qxe4 Rxc3 37. Rxc3 Qb2+ 38. Qg2 Qxc3 39. Qb7
Qc2+ 40. Kh1 Qc6+ 41. Qxc6 Rxc6 42. Rb1 Kf8 43. Kg2 Ke7 44. h4 Kd6 45. h5 Ke5
46. Rb4 f6 47. Kf3 Kf5 48. g4+ Kg5 49. Kg3 Rc3+ 50. Kf2 Ra3 51. Kg2 a5 52. Rxb6
Rxa4 53. Rb7 Rxg4+ 54. Kh3 Kxh5 0-1

[Event "Condigne Dutch Open 2016"]
[Site "dieren"]
[Date "2016.08.04"]
[Round "9"]
[White "Zwirs, Nico"]
[Black "Sagar, Shah"]
[Result "1/2-1/2"]
[ECO "B12"]
[WhiteElo "2374"]
[BlackElo "2433"]
[PlyCount "152"]
[EventDate "2016.07.27"]
[EventCountry "NED"]
[TimeControl "6000+990"]
[WhiteClock "0:02:18"]
[BlackClock "0:06:39"]

1. e4 c6 2. d4 d5 3. e5 Bf5 4. h4 h5 5. c4 e6 6. Nc3 Ne7 7. Nge2 Bg4 8. Bg5 Qb6
9. Qd2 Nd7 10. cxd5 Nxd5 11. Nxd5 cxd5 12. Nc3 Bb4 13. Rc1 Rc8 14. a3 Bxc3 15.
bxc3 Bf5 16. c4 dxc4 17. Bxc4 O-O 18. O-O Rc6 19. Be2 Bg4 20. Rb1 Qc7 21. Bxg4
hxg4 22. Qe2 Rc4 23. Rbc1 Rc8 24. h5 b5 25. h6 g6 26. a4 a6 27. axb5 axb5 28.
Qxg4 Kh7 29. Qf3 Nb6 30. Rb1 Nd5 31. Rxb5 Rc3 32. Qg4 Rb8 33. Rxb8 Qxb8 34. Qe2
Qb6 35. Rd1 Rb3 36. Kh2 Qb7 37. Ra1 Nc3 38. Qf3 Ne4 39. Qf4 Rb2 40. Rf1 Nxg5
41. Qxg5 Qb4 42. Qf6 Qf8 43. d5 exd5 44. e6 Rb6 45. Qxf7+ Qxf7 46. exf7 Rf6 47.
Kg3 Kxh6 48. Rd1 Rxf7 49. Rxd5 Ra7 50. f4 Kg7 51. Kg4 Rb7 52. Kg5 Ra7 53. Rd6
Ra5+ 54. Kg4 Rb5 55. Rd7+ Kf6 56. Ra7 Rc5 57. Ra6+ Kf7 58. g3 Rb5 59. Kh4 Rh5+
60. Kg4 Rb5 61. Ra7+ Kf6 62. Rh7 Ra5 63. Kh4 Ra4 64. Kg4 Ra5 65. Rh8 Kg7 66.
Rd8 Kf6 67. Rd3 Rb5 68. Rc3 Ra5 69. Kf3 g5 70. Rc6+ Kf7 71. Kg4 gxf4 72. gxf4
Rb5 73. Rh6 Ra5 74. Rh5 Rxh5 75. Kxh5 Kf6 76. Kg4 Kg6 1/2-1/2

[Event "Condigne Dutch Open 2016"]
[Site "dieren"]
[Date "2016.08.04"]
[Round "9"]
[White "De Jong, Migchiel"]
[Black "Milov, Leonid"]
[Result "1/2-1/2"]
[ECO "D11"]
[WhiteElo "2342"]
[BlackElo "2430"]
[PlyCount "54"]
[EventDate "2016.07.27"]
[EventCountry "NED"]
[TimeControl "6000+1390"]
[WhiteClock "0:51:16"]
[BlackClock "0:05:28"]

1. d4 d5 2. Nf3 Nf6 3. c4 c6 4. Qb3 e6 5. Bf4 dxc4 6. Qxc4 b5 7. Qc2 Bb7 8. e3
Nbd7 9. Be2 a6 10. a4 Nb6 11. Nc3 Nfd5 12. O-O Nxf4 13. exf4 Be7 14. Ne5 O-O
15. Bf3 Nd5 16. Nxd5 cxd5 17. axb5 axb5 18. f5 Rxa1 19. Rxa1 exf5 20. Nc6 Bxc6
21. Qxc6 Bf6 22. Rd1 Qa5 23. Qxd5 Rd8 24. Qxf5 Rxd4 25. Qc8+ Rd8 26. Rxd8+ Qxd8
27. Qxd8+ Bxd8 1/2-1/2

[Event "Condigne Dutch Open 2016"]
[Site "dieren"]
[Date "2016.08.04"]
[Round "9"]
[White "Maatman, Nick"]
[Black "Hendriks, Willy"]
[Result "0-1"]
[ECO "B09"]
[WhiteElo "2314"]
[BlackElo "2407"]
[PlyCount "110"]
[EventDate "2016.07.27"]
[EventCountry "NED"]
[TimeControl "6000+1605"]
[WhiteClock "0:11:12"]
[BlackClock "0:16:21"]

1. d4 d6 2. e4 Nf6 3. Nc3 g6 4. f4 Bg7 5. Nf3 O-O 6. e5 dxe5 7. dxe5 Qxd1+ 8.
Kxd1 Nh5 9. Ke1 Nc6 10. Be3 f6 11. Bc4+ Kh8 12. exf6 Bxf6 13. Nd5 Bxb2 14. Rb1
Bg7 15. Nxc7 Nxf4 16. Nxa8 Nxg2+ 17. Ke2 Bg4 18. Bd5 Ne5 19. Rhf1 Nh4 20. Rb4
Nhxf3 21. Rxg4 Nxg4 22. Rxf3 Rxa8 23. Bg1 Rc8 24. Be6 Rxc2+ 25. Kd1 Rg2 26.
Bxa7 Nxh2 27. Rf7 Bf6 28. Rxe7 h5 29. Rxb7 Nf3 30. Rf7 Rd2+ 31. Kc1 Bb2+ 32.
Kb1 Ne5 33. Rb7 Bd4 34. Bb8 Nd3 35. Bf7 Nc5 36. Rb4 Kg7 37. Rxd4 Rxd4 38. Be5+
Kxf7 39. Bxd4 Ne6 40. Be5 g5 41. Kc2 Kg6 42. Kd3 Kf5 43. Bd6 Nf4+ 44. Ke3 h4
45. Kf2 g4 46. a4 Ke4 47. Bxf4 Kxf4 48. a5 h3 49. a6 g3+ 50. Kg1 Kf3 51. a7 h2+
52. Kh1 g2+ 53. Kxh2 Kf2 54. a8=Q g1=Q+ 55. Kh3 Qg3# 0-1